 Dungeon Crawl Stone Soup version 0.28-a0-1202-g1e6f1b2279 (webtiles) character file.

Game seed: 6616554869374087092

12695 ChaosChampion the Eclecticist (level 11, -3/54 HPs)
             Began as a Deep Elf Conjurer on Dec 20, 2021.
             Was a Priest of Vehumet.
             Shot with an arrow by a centaur (8 damage)
             ... on level 11 of the Dungeon.
             The game lasted 00:20:44 (14014 turns).

ChaosChampion the Eclecticist (Deep Elf Conjurer)  Turns: 14014, Time: 00:20:44

Health: -3/54      AC:  6    Str:  4    XL:     11   Next: 65%
Magic:  1/32       EV: 13    Int: 28    God:    Vehumet [***...]
Gold:   897        SH:  0    Dex: 19    Spells: 27/41 levels left

rFire   . . .      SeeInvis .   (no weapon)
rCold   + . .      Faith    .   (no shield)
rNeg    . . .      Spirit   .   a - +0 robe
rPois   .          Reflect  .   O - +0 helmet
rElec   .          Harm     .   v - +0 cloak
rCorr   .          Rampage  .   g - +0 pair of gloves
Will    +....                   j - +0 pair of boots
Stlth   ++........              (no amulet)
HPRegen 0.18/turn               M - ring of protection from cold
MPRegen 0.23/turn               L - +6 ring of dexterity

@: no status effects
A: mutation resistance 1
a: Renounce Religion


You were on level 11 of the Dungeon.
You worshipped Vehumet.
Vehumet was most pleased with you.
You visited 2 branches of the dungeon, and saw 12 of its levels.
You also visited: Ossuary.

You collected 897 gold pieces.

Inventory:

Missiles
 f - 5 throwing nets
 I - 13 poisoned darts
Armour
 a - a +0 robe (worn)
 g - a +0 pair of gloves (worn)
 j - a +0 pair of boots (worn)
 v - a +0 cloak (worn)
 O - a +0 helmet (worn)
Jewellery
 b - a ring of fire
 p - a ring of flight
 u - a ring of positive energy
 K - the amulet "Kod Loezog" {Spirit rElec rCorr Int+7}
   (You took it off an orc wizard on level 9 of the Dungeon)

   [amulet of guardian spirit]

   It causes incoming damage to be divided between your reserves of health and
   magic.
   Int:       It affects your intelligence (+7).
   rElec:     It insulates you from electricity.
   rCorr:     It protects you from acid and corrosion.
 L - a +6 ring of dexterity (right hand)
 M - a ring of protection from cold (left hand)
Wands
 k - a wand of paralysis (9)
 q - a wand of digging (14)
Scrolls
 c - 6 scrolls of teleportation {unknown}
 d - 3 scrolls of identify
 i - 2 scrolls of magic mapping {unknown}
 l - a scroll of silence {unknown}
 o - 3 scrolls of blinking {unknown}
 r - 3 scrolls of vulnerability {unknown}
 s - 2 scrolls of summoning {unknown}
 t - a scroll of fear {unknown}
 y - a scroll of torment {unknown}
 C - 4 scrolls of immolation {unknown}
 E - a scroll of noise {unknown}
 H - 3 scrolls of fog {unknown}
Potions
 e - 3 potions of might
 h - 4 potions of attraction
 m - 10 potions of curing
 n - a potion of resistance
 w - a potion of cancellation
 x - 4 potions of invisibility
 z - a potion of lignification
 A - 2 potions of ambrosia
 B - 3 potions of magic
 D - 3 potions of heal wounds {unknown}
 F - 2 potions of haste
 G - a potion of brilliance {unknown}
 J - a potion of berserk rage {unknown}


   Skills:
 - Level 2.4 Dodging
 - Level 2.4 Stealth
 + Level 15.9 Spellcasting
 + Level 11.2 Conjurations
 * Level 11.4 Hexes
 - Level 3.0 Translocations
 - Level 6.0 Earth Magic


You had 27 spell levels left.
You knew the following spells:

 Your Spells              Type           Power      Damage    Failure   Level
a - Magic Dart            Conj           100%       1d8       0%          1
b - Stone Arrow           Conj/Erth      100%       3d13      1%          3
c - Fulminant Prism       Conj/Hex       36%        3d18      1%          4
d - Iskenderun's Mystic   Conj/Tloc      58%        2d12      1%          4
p - Searing Ray           Conj           100%       2d8       1%          2

Your spell library contained the following spells:

 Spells                   Type           Power      Damage    Failure   Level
 Inner Flame              Hex/Fire       53%        N/A       1%          3
 Passwall                 Tmut/Erth      32%        N/A       1%          2
 Dazzling Flash           Conj/Hex       100%       N/A       1%          3
 Irradiate                Conj/Tmut      26%        3d22      1%          5
 Sublimation of Blood     Necr           22%        N/A       3%          2
 Freezing Cloud           Conj/Ice/Air   21%        6-21      3%          5
 Animate Armour           Summ/Erth      78%        N/A       6%          4
 Petrify                  Tmut/Erth      39%        N/A       6%          4
 Metabolic Englaciation   Hex/Ice        26%        N/A       6%          5
 Ozocubu's Armour         Ice            22%        N/A       7%          3
 Swiftness                Air            22%        N/A       7%          3
 Lehudib's Crystal Spear  Conj/Erth      31%        10d8      67%         8
 Simulacrum               Ice/Necr       11%        N/A       98%         6
 Polar Vortex             Ice            11%        N/A       100%        9


Dungeon Overview and Level Annotations

Branches:
Dungeon (11/15)            Temple (1/1) D:6            Lair (0/6) D:8
Ossuary (visited)
    Orc: D:9-12

Altars:
Ashenzari
Cheibriados
Dithmenos
Elyvilon
Fedhas
Gozag
Hepliaklqana
Kikubaaqudgha
Makhleb
Nemelex Xobeh
Okawaru
Qazlal
Ru
Sif Muna
Trog
Uskayaw
Vehumet
Wu Jian
Xom
Yredelemnul
Zin
The Shining One

Shops:
D:4 *   D:10 =

Annotations:
D:8 2 transporters, Lavandula's ghost, novice FoTm
D:9 2 transporters, exclusion: ice statue, paps's ghost, novice GrMo


Innate Abilities, Weirdness & Mutations

You are somewhat resistant to further mutation.


Message History

The arrow barely misses you.
An orc comes into view. It is wielding a +0 hand axe.
The centaur shoots an arrow.
The arrow hits you!
* * * LOW HITPOINT WARNING * * *
Casting: Fulminant Prism (safe; 1% risk of failure)
Confirm with . or Enter, or press ? or * to list all spells.
Aiming: Fulminant Prism (safe; 1% risk of failure)
Press: ? - help, Dir - move target, f - orc
Aim: an orc, wielding a +0 hand axe
Okay, then.
You feel better.
The centaur shoots an arrow.
The arrow barely misses you.
The centaur shoots an arrow.
The arrow completely misses you.
The centaur shoots an arrow.
The arrow hits you!
* * * LOW HITPOINT WARNING * * *
The centaur shoots an arrow.
The arrow hits you!
* * * LOW HITPOINT WARNING * * *
The arrow freezes you.
* * * LOW HITPOINT WARNING * * *
Casting: Fulminant Prism (safe; 1% risk of failure)
Confirm with . or Enter, or press ? or * to list all spells.
Aiming: Fulminant Prism (safe; 1% risk of failure)
Press: ? - help, Dir - move target You conjure a prism of explosive energy!
A fulminant prism comes into view.
The arrow hits your fulminant prism!
You hear a loud crackle.
Casting: Fulminant Prism (safe; 1% risk of failure)
Confirm with . or Enter, or press ? or * to list all spells.
Aiming: Fulminant Prism (safe; 1% risk of failure)
Press: ? - help, Dir - move target You conjure a prism of explosive energy!
A fulminant prism comes into view.
You hear an explosion!
You hear a shout!
Casting: Fulminant Prism (safe; 1% risk of failure)
Confirm with . or Enter, or press ? or * to list all spells.
You don't have enough magic to cast this spell.
Your fulminant prism crackles loudly.
The centaur wields a +2 shortbow of freezing.
It is covered in frost.
The centaur shoots an arrow.
The arrow hits you!
You die...

.. .. #. #. #. #.## #..# #@#
#.# #... # #.# #####... #. #.##
##......# ##. ##..## #.......#
... ###c...### #.......# #..
####..*###...###.......#
#...####...*########...........
#.....c..c.....)..............


You could see a centaur (ally target) and a friendly fulminant prism.

Vanquished Creatures
  A hydra (D:10)
  A boulder beetle (D:10)
  2 two-headed ogres
  A gargoyle (D:10)
  An unseen horror (D:10)
  A kobold demonologist (D:8)
  4 komodo dragons
  A hornet (D:8)
  A water elemental (D:11)
  2 shadows
  11 yaks
  A wraith (D:10)
  2 wyverns
  2 basilisks (D:8)
  3 chaos spawn (D:8)
  3 steam dragons
  4 acid dragons
  A water moccasin (D:4)
  Edmund (D:4)
  2 orc warriors
  An ice beast (D:6)
  An ogre (D:7)
  A black bear (D:4)
  A necrophage (D:5)
  A boggart (shapeshifter) (D:10)
  2 centaurs
  2 kobold brigands (D:10)
  7 bullfrogs
  A gnoll sergeant (D:10)
  A scorpion (D:5)
  A wyvern skeleton (D:6)
  A water moccasin zombie (D:5)
  6 killer bees
  2 howler monkeys (D:10)
  6 centaur zombies
  2 orc priests
  A bullfrog zombie (D:6)
  3 hounds
  3 iguanas
  10 orc wizards
  8 mummies (Ossuary)
  6 gnolls
  2 howler monkey zombies
  A howler monkey skeleton (D:7)
  8 adders
  A shadow imp (D:8)
  An ufetubus (D:4)
  An adder skeleton (D:4)
  5 worms
  26 orcs
  6 endoplasms
  2 giant cockroaches
  6 goblins
  7 hobgoblins
  2 kobolds (D:4)
  6 quokkas
  11 ball pythons
  3 bats
  2 frilled lizards (D:1)
  A goblin zombie (D:7)
  3 hobgoblin zombies (Ossuary)
  3 kobold zombies (Ossuary)
  2 orc zombies (Ossuary)
  A quokka zombie (D:7)
  6 rats
  10 fulminant prisms
228 creatures vanquished.

Vanquished Creatures (others)
  57 fulminant prisms
  8 plants (D:10)
65 creatures vanquished.

Grand Total: 293 creatures vanquished

Notes
Turn   | Place    | Note
-------+----------+-------------------------------------------
     0 | D:1      | ChaosChampion the Deep Elf Conjurer began the quest for the
                  | Orb.
     0 | D:1      | Reached XP level 1. HP: 10/10 MP: 6/6
   514 | D:1      | Reached XP level 2. HP: 15/15 MP: 5/8
   705 | D:1      | Reached skill level 4 in Spellcasting
   743 | D:1      | Found a faded altar of an unknown god.
  1363 | D:2      | Learned a level 2 spell: Searing Ray
  1367 | D:2      | Reached XP level 3. HP: 19/19 MP: 4/10
  1790 | D:3      | Reached skill level 5 in Spellcasting
  1791 | D:3      | Reached skill level 5 in Conjurations
  1876 | D:3      | Reached XP level 4. HP: 24/24 MP: 8/13
  2051 | D:3      | Found a basalt altar of Yredelemnul.
  2918 | D:4      | Noticed a steam dragon
  2926 | D:4      | Killed a steam dragon
  2927 | D:4      | Reached skill level 7 in Spellcasting
  2927 | D:4      | Reached XP level 5. HP: 14/28 MP: 7/16
  3246 | D:4      | Noticed Edmund
  3255 | D:4      | Killed Edmund
  3256 | D:4      | Reached XP level 6. HP: 18/32 MP: 5/18
  3653 | D:4      | Found Wocoec's Serpentskin Sales.
  3653 | D:4      | Noticed a water moccasin
  3662 | D:4      | Killed a water moccasin
  3663 | D:4      | Reached skill level 8 in Spellcasting
  3964 | D:4      | Reached XP level 7. HP: 36/36 MP: 15/21
  4162 | D:4      | Reached skill level 9 in Spellcasting
  4364 | D:5      | Entered Level 5 of the Dungeon
  5022 | D:5      | Reached skill level 10 in Spellcasting
  5296 | D:6      | Noticed a steam dragon
  5302 | D:6      | Noticed a steam dragon
  5304 | D:6      | Killed a steam dragon
  5305 | D:6      | Reached XP level 8. HP: 31/41 MP: 15/24
  5525 | D:6      | Learned a level 3 spell: Stone Arrow
  5530 | D:6      | Learned a level 4 spell: Fulminant Prism
  5535 | D:6      | Learned a level 4 spell: Iskenderun's Mystic Blast
  5598 | D:6      | Reached skill level 11 in Spellcasting
  5598 | D:6      | Reached skill level 1 in Hexes
  5603 | D:6      | Reached skill level 1 in Translocations
  5603 | D:6      | Reached skill level 1 in Earth Magic
  6047 | D:6      | Reached XP level 9. HP: 45/45 MP: 22/26
  6134 | D:6      | Found a staircase to the Ecumenical Temple.
  6147 | Temple   | Entered the Ecumenical Temple
  6303 | Temple   | Became a worshipper of Vehumet
  6452 | D:6      | Reached skill level 12 in Spellcasting
  7123 | D:7      | Found a sand-covered staircase.
  7165 | Ossuary  | Entered an ossuary
  7191 | Ossuary  | Reached * piety under Vehumet
  7191 | Ossuary  | Offered knowledge of Freeze by Vehumet.
  7701 | D:7      | Gained mutation: You have sharp toenails. [potion of
                  | mutation]
  7702 | D:7      | Lost mutation: You have sharp toenails. [potion of
                  | mutation]
  7702 | D:7      | Gained mutation: You are somewhat resistant to further
                  | mutation. [potion of mutation]
  8672 | D:8      | Noticed a two-headed ogre
  8674 | D:8      | Reached skill level 13 in Spellcasting
  8676 | D:8      | Killed a two-headed ogre
  8677 | D:8      | Reached skill level 5 in Hexes
  9083 | D:8      | Found a transporter.
  9103 | D:8      | Noticed a moth of wrath
  9114 | D:8      | Found a transporter.
  9125 | D:8      | Noticed Lavandula's ghost (novice FoTm)
  9214 | D:8      | Reached XP level 10. HP: 44/50 MP: 16/29
  9322 | D:8      | Found a shimmering altar of Xom.
  9330 | D:8      | Found the +7 mace of Variability {chain chaos}
  9952 | D:8      | Reached skill level 5 in Earth Magic
  9953 | D:8      | Reached ** piety under Vehumet
  9954 | D:8      | Reached skill level 14 in Spellcasting
  9971 | D:8      | Offered knowledge of Sandblast by Vehumet.
 10124 | D:8      | Found a staircase to the Lair.
 10317 | D:9      | Noticed a soul eater
 10593 | D:9      | Identified the +4 scale mail "Ynedow" {Harm Rampage *Slow
                  | Will-}
 10933 | D:9      | Noticed a two-headed ogre
 10934 | D:9      | Noticed an ice statue
 10934 | D:9      | Noticed a red ugly thing
 10937 | D:9      | Noticed paps's ghost (novice GrMo)
 10941 | D:9      | Found a transporter.
 10962 | D:9      | Noticed a two-headed ogre
 10965 | D:9      | Noticed a cyclops
 10968 | D:9      | Found a transporter.
 11250 | D:10     | Entered Level 10 of the Dungeon
 11556 | D:10     | Found Xar Nus's Jewellery Emporium.
 11577 | D:10     | Found a broken altar of Ashenzari.
 11620 | D:10     | Noticed a two-headed ogre
 11625 | D:10     | Killed a two-headed ogre
 11626 | D:10     | Reached skill level 10 in Conjurations
 11627 | D:10     | Reached skill level 15 in Spellcasting
 11862 | D:10     | Reached XP level 11. HP: 39/54 MP: 7/32
 12027 | D:10     | Identified the +7 chain mail "Dewuam" {+Inv rF+ Dex-3}
 12077 | D:10     | Noticed a seven-headed hydra
 12084 | D:10     | Killed a seven-headed hydra
 12085 | D:10     | Identified the amulet "Kod Loezog" {Spirit rElec rCorr
                  | Int+7}
 12707 | D:10     | Noticed a boulder beetle
 12973 | D:10     | Killed a boulder beetle
 12974 | D:10     | Reached skill level 10 in Hexes
 13269 | D:10     | Found a shimmering blue altar of Sif Muna.
 13272 | D:10     | Found an opulent altar of Gozag.
 13341 | D:10     | Found a white marble altar of Elyvilon.
 13345 | D:10     | Found a sacrificial altar of Ru.
 13982 | D:11     | Offered knowledge of Inner Flame by Vehumet.
 13995 | D:11     | Reached *** piety under Vehumet
 14014 | D:11     | Shot with an arrow by a centaur

Illustrated notes

Levels and vault maps discovered:
D:1:      scummos_arrival_hexagon, layout_basic, nicolae_ecumenical_lake_church,
          minmay_misc_feat_encased, wander_ebering_terrifying_dragon_lair
D:2:      layout_loops_ring, serial_bayou_pond_c
D:3:      layout_basic, yredelemnul_altar_generic, hangedman_decor_points,
          chequers_serial_rivers_micro_d, skrybe_limestone_x
D:4:      layout_gridville, guppyfry_shop_venom, uniq_edmund
D:5:      layout_gridville
D:6:      layout_basic, minmay_temple_entry_mist
D:7:      layout_loops_ring, enter_ossuary_4
D:8:      layout_loops_ring, erik_lair_dragon,
          gammafunk_ghost_berserking_beasts, minmay_misc_feat_ornament,
          serial_park_tiny_pond, minmay_guarded_unrand_variability
D:9:      layout_loops_ring, nzn_ghost_randoct
D:10:     nzn_winding_woodlands_medium [nzn_winding_woodlands_5x5_open_star,
          nzn_winding_woodlands_5x15_concentric,
          nzn_winding_woodlands_5x5_perimeter,
          nzn_winding_woodlands_5x5_default,
          nzn_winding_woodlands_center_garden,
          nzn_winding_woodlands_5x5_checkerboard,
          nzn_winding_woodlands_5x5_default, nzn_winding_woodlands_5x15_eye,
          nzn_winding_woodlands_5x5_closed_star], layout_small_grid, minitemple,
          mainiacjoe_overflow_cross_hatched, minmay_shop_enchanted_jewellery
D:11:     layout_cave_pods, erik_orc_2, grunt_decor_mini_mirrors
Temple:   nicolae_temple_elliptical

Skill      XL: |  1  2  3  4  5  6  7  8  9 10 11 |
---------------+----------------------------------+-----
Spellcasting   | 4 5 7 8 10 11 13 15 | 15.9
Conjurations   | 5 6 7 8 9 10 11 | 11.2
Hexes          | 3 5 8 11 | 11.4
Translocations | 2 3 |  3.0
Earth Magic    | 2 4 6 |  6.0
Dodging        | |  2.4
Stealth        | |  2.4

Action                   |  1- 3 |  4- 6 |  7- 9 | 10-12 || total
-------------------------+-------+-------+-------+-------++-------
Melee: Unarmed           |       |       |       |     4 ||     4
 Cast: Magic Dart        |    51 |    58 |    52 |    26 ||   187
       Searing Ray       |     9 |    10 |    16 |       ||    35
       Stone Arrow       |       |       |    65 |    89 ||   154
       Fulminant Prism   |       |       |    14 |    54 ||    68
       Iskenderun's Myst |       |       |     2 |    25 ||    27
  Use: Scroll            |       |       |    11 |       ||    11
       Potion            |       |       |     2 |     1 ||     3
Armor: Robe              |     1 |     3 |     9 |    22 ||    35
Dodge: Dodged            |     2 |    10 |    23 |    49 ||    84

Table legend: (Time is in decaauts)
 A = Elapsed time spent in this place.
 B = Non-inter-level travel time spent in this place.
 C = Inter-level travel time spent in this place.
 D = Time resting spent in this place.
 E = Time spent auto-exploring this place.
 F = Levels seen in this place.
 G = Mean time per level.
                   A        B        C        D        E       F      G
               +--------+--------+--------+--------+--------+-----+--------+
         Total |  14026 |  13786 |    240 |   2631 |   9293 |  13 | 1078.9 |
       Dungeon |  13335 |  13095 |    240 |   2308 |   9066 |  11 | 1212.3 |
        Temple |    168 |    168 |      0 |      0 |    111 |   1 |  168.0 |
       Ossuary |    522 |    522 |      0 |    323 |    116 |   1 |  522.0 |
               +--------+--------+--------+--------+--------+-----+--------+

Top non-repeatable levels by time:
     D:8: 1684 daAuts
    D:10: 1590 daAuts
     D:4: 1479 daAuts
     D:9: 1397 daAuts
     D:7: 1287 daAuts
     D:6: 1278 daAuts
     D:5: 1251 daAuts
     D:3: 1161 daAuts
     D:1: 907 daAuts
     D:2: 824 daAuts
 Ossuary: 522 daAuts
    D:11: 472 daAuts
  Temple: 168 daAuts
